ITL
INDIANA HOUNDS @ RICHMOND FLAIRS
06/17/2027
 
TOP OF THE 1ST
Indiana Hounds batting - Pitching for Richmond Flairs : RHP Jack Walker
Pitching: RHP Jack Walker
Batting: RHB Howard Daniel 0-0: Foul Ball, location: 2F
0-1: Called Strike
0-2: Ball
1-2: Strikes out swinging
Batting: LHB Junior Coates 0-0: Ball
1-0: Ball
2-0: Foul Ball, location: 2F
2-1: Foul Ball, location: 2F
2-2: Ball
3-2: Foul Ball, location: 2F
3-2: Ground out 6-3 (Groundball, 6)
Batting: RHB Vicente Valentín 0-0: Ball
1-0: DOUBLE (Line Drive, 89D)
Batting: RHB Carlos Moya 0-0: Called Strike
0-1: Ball
1-1: Ball
2-1: Called Strike
2-2: Ground out 5-3 (Groundball, 56)
Top of the 1st over - 0 run(s), 1 hit(s), 0 error(s), 1 left on base; Indiana 0 - Richmond 0
BOTTOM OF THE 1ST
Richmond Flairs batting - Pitching for Indiana Hounds : RHP Leonard Akers
Pitching: RHP Leonard Akers
Batting: RHB Javier Rentería 0-0: Called Strike
0-1: Ground out 6-3 (Groundball, 56D)
Batting: RHB Freddy Padilla 0-0: Ball
1-0: Called Strike
1-1: Ball
2-1: Ball
3-1: Base on Balls
Batting: LHB Sean Nicks 0-0: Ball
1-0: Ball
2-0: Swinging Strike
2-1: Foul Ball, location: 2F
2-2: Ball
3-2: Base on Balls
Freddy Padilla to second
Batting: RHB Elliott Johnston 0-0: Foul Ball, location: 2F
0-1: Ball
1-1: Fly out, F9 (Flyball, 9LSF)
Batting: RHB Alberto Hernández 0-0: Ball
1-0: Ball
2-0: Ball
3-0: Called Strike
3-1: Base on Balls
Freddy Padilla to third
Sean Nicks to second
Batting: SHB Carlos Reyes 0-0: Called Strike
0-1: Ball
1-1: Called Strike
1-2: Ground out 3-1 (Groundball, 3D)
Bottom of the 1st over - 0 run(s), 0 hit(s), 0 error(s), 3 left on base; Indiana 0 - Richmond 0
TOP OF THE 2ND
Indiana Hounds batting - Pitching for Richmond Flairs : RHP Jack Walker
Batting: RHB Jeff Jones 0-0: Ball
1-0: Ball
2-0: Called Strike
2-1: Ball
3-1: Foul Ball, location: 2F
3-2: Base on Balls
Batting: RHB Danny Walker 0-0: Called Strike
0-1: Ball
1-1: Foul Ball, location: 2F
1-2: Foul Ball, location: 2F
1-2: Foul Ball, location: 2F
1-2: Ball
2-2: Foul Ball, location: 2F
2-2: Fly out, F8 (Flyball, 8RM)
Batting: RHB Paco Castillo 0-0: Called Strike
0-1: Called Strike
0-2: Foul Ball, location: 2F
0-2: SINGLE (Line Drive, 89S)
Jeff Jones to second
Batting: RHB Doug Murray 0-0: Ball
1-0: Foul Ball, location: 2F
1-1: Swinging Strike
1-2: Fly out, F4 (Line Drive, 4)
Lined into DP, 4-6 (Line Drive, 4)
Top of the 2nd over - 0 run(s), 1 hit(s), 0 error(s), 1 left on base; Indiana 0 - Richmond 0
BOTTOM OF THE 2ND
Richmond Flairs batting - Pitching for Indiana Hounds : RHP Leonard Akers
Batting: LHB Roland Jones 0-0: Fly out, F5 (Popup, 56)
Batting: RHB Christian Hudson 0-0: Ball
1-0: Ball
2-0: Ball
3-0: Called Strike
3-1: Base on Balls
Batting: RHB Ray Yates 0-0: Swinging Strike
0-1: Foul Ball, location: 2F
0-2: Foul Ball, location: 2F
0-2: SINGLE (Groundball, 6MD)
Christian Hudson to second
Runner from 2nd tries for 3rd, SAFE, throw made to third
Batting: RHB Javier Rentería 0-0: Ball
1-0: Ball
2-0: Foul Ball, location: 2F
2-1: Fielders Choice at 2nd, 5-4 (Groundball, 5)
Christian Hudson scores
Batting: RHB Freddy Padilla 0-0: Ball
1-0: Ball
2-0: Called Strike
2-1: Ground out 4-3 (Groundball, 4S)
Bottom of the 2nd over - 1 run(s), 1 hit(s), 0 error(s), 1 left on base; Indiana 0 - Richmond 1
TOP OF THE 3RD
Indiana Hounds batting - Pitching for Richmond Flairs : RHP Jack Walker
Batting: RHB Octávio Marín 0-0: Ball
1-0: Swinging Strike
1-1: Ball
2-1: Called Strike
2-2: Ball
3-2: Ground out 4-3 (Groundball, 4)
Batting: RHB Howard Daniel 0-0: Ball
1-0: Fly out, F9 (Flyball, 89D)
Batting: LHB Junior Coates 0-0: Called Strike
0-1: Ball
1-1: Ball
2-1: Foul Ball, location: 2F
2-2: SOLO HOME RUN (Line Drive, 9D), Distance : 368 ft
Batting: RHB Vicente Valentín 0-0: Fly out, F8 (Flyball, 8LD)
Top of the 3rd over - 1 run(s), 1 hit(s), 0 error(s), 0 left on base; Indiana 1 - Richmond 1
BOTTOM OF THE 3RD
Richmond Flairs batting - Pitching for Indiana Hounds : RHP Leonard Akers
Batting: LHB Sean Nicks 0-0: SINGLE (Flyball, 8RS)
Batting: RHB Elliott Johnston 0-0: Ball
1-0: Ball
2-0: Called Strike
2-1: Ball
3-1: Base on Balls
Sean Nicks to second
Batting: RHB Alberto Hernández 0-0: SINGLE (Groundball, 6MD)
Sean Nicks to third
Elliott Johnston to second
Batting: SHB Carlos Reyes 0-0: Ball
1-0: Ball
2-0: Foul Ball, location: 2F
2-1: Ball
3-1: Base on Balls
Sean Nicks scores
Elliott Johnston to third
Alberto Hernández to second
Batting: LHB Roland Jones 0-0: Ball
1-0: DOUBLE (Flyball, 89D)
Elliott Johnston scores
Alberto Hernández scores
Carlos Reyes to third
Batting: RHB Christian Hudson 0-0: Called Strike
0-1: Swinging Strike
0-2: Strikes out swinging
Batting: RHB Ray Yates 0-0: Called Strike
0-1: SINGLE (Groundball, 4MD)
Carlos Reyes scores
Roland Jones to third
Runner from 3rd tries for Home, SAFE, throw made home
Ray Yates to second
Batting: RHB Javier Rentería 0-0: Ball
1-0: Called Strike
1-1: Fly out, F5 (Popup, 5L)
Batting: RHB Freddy Padilla 0-0: Called Strike
0-1: SINGLE (Groundball, 34) (infield hit)
Ray Yates to third
Batting: LHB Sean Nicks 0-0: Ball
1-0: Ball
2-0: Called Strike
2-1: Swinging Strike
2-2: Foul Ball, location: 2F
2-2: Foul Ball, location: 2F
2-2: SINGLE (Flyball, 89S)
Ray Yates scores
Freddy Padilla to second
Pitching: RHP Rob Fields
Batting: RHB Elliott Johnston 0-0: Ball
1-0: Called Strike
1-1: Called Strike
1-2: Foul Ball, location: 2F
1-2: Foul Ball, location: 2F
1-2: Foul Ball, location: 2F
1-2: Ball
2-2: Ball
3-2: Base on Balls
Freddy Padilla to third
Sean Nicks to second
Batting: RHB Alberto Hernández 0-0: Ball
1-0: Swinging Strike
1-1: SINGLE (Line Drive, 6MD)
Freddy Padilla scores
Sean Nicks to third
Elliott Johnston to second
Runner from 3rd tries for Home, SAFE, throw made home
Elliott Johnston to third
Alberto Hernández to second
Batting: SHB Carlos Reyes 0-0: Called Strike
0-1: Ball
1-1: Ball
2-1: Fly out, F5 (Popup, 56)
Bottom of the 3rd over - 8 run(s), 7 hit(s), 0 error(s), 2 left on base; Indiana 1 - Richmond 9
TOP OF THE 4TH
Indiana Hounds batting - Pitching for Richmond Flairs : RHP Jack Walker
Batting: RHB Carlos Moya 0-0: Called Strike
0-1: Ball
1-1: Fly out, F6 (Popup, 56D)
Batting: RHB Jeff Jones 0-0: Foul Ball, location: 2F
0-1: Ground out 6-3 (Groundball, 6)
Batting: RHB Danny Walker 0-0: Called Strike
0-1: Ground out 4-3 (Groundball, 4)
Top of the 4th over - 0 run(s), 0 hit(s), 0 error(s), 0 left on base; Indiana 1 - Richmond 9
BOTTOM OF THE 4TH
Richmond Flairs batting - Pitching for Indiana Hounds : RHP Rob Fields
Batting: LHB Roland Jones 0-0: Ball
1-0: Foul Ball, location: 2F
1-1: Ball
2-1: SINGLE (Groundball, 6D)
Batting: RHB Christian Hudson 0-0: Ball
1-0: Foul Ball, location: 2F
1-1: Foul Ball, location: 2F
1-2: Foul Ball, location: 2F
1-2: Ball
2-2: Ball
3-2: Fly out, F9 (Flyball, 9LS)
Batting: RHB Ray Yates 0-0: Ball
1-0: Foul Ball, location: 2F
1-1: Swinging Strike
1-2: Strikes out swinging
Batting: RHB Javier Rentería 0-0: Ball
1-0: Ball
2-0: Called Strike
2-1: Called Strike
2-2: TRIPLE (Groundball, 5L)
Roland Jones scores
Batting: RHB Freddy Padilla 0-0: Ball
1-0: Ball
2-0: Foul Ball, location: 2F
2-1: DOUBLE (Line Drive, 89M)
Javier Rentería scores
Batting: LHB Sean Nicks 0-0: Ball
1-0: Called Strike
1-1: Ball
2-1: 2-RUN HOME RUN (Flyball, 9LD), Distance : 321 ft
Batting: RHB Elliott Johnston 0-0: Called Strike
0-1: Fly out, F9 (Flyball, 9S)
Bottom of the 4th over - 4 run(s), 4 hit(s), 0 error(s), 0 left on base; Indiana 1 - Richmond 13
TOP OF THE 5TH
Indiana Hounds batting - Pitching for Richmond Flairs : RHP Jack Walker
Batting: RHB Paco Castillo 0-0: Called Strike
0-1: Ball
1-1: Swinging Strike
1-2: Strikes out swinging
Batting: RHB Doug Murray 0-0: Called Strike
0-1: Foul Ball, location: 2F
0-2: Ball
1-2: Strikes out looking
Batting: RHB Octávio Marín 0-0: Ball
1-0: Foul Ball, location: 2F
1-1: Swinging Strike
1-2: Foul Ball, location: 2F
1-2: Foul Ball, location: 2F
1-2: Strikes out swinging
Top of the 5th over - 0 run(s), 0 hit(s), 0 error(s), 0 left on base; Indiana 1 - Richmond 13
BOTTOM OF THE 5TH
Richmond Flairs batting - Pitching for Indiana Hounds : RHP Rob Fields
Pitching: RHP Teddy Mathews
Batting: RHB Alberto Hernández 0-0: Fly out, F4 (Popup, 34D)
Batting: SHB Carlos Reyes 0-0: Foul Ball, location: 2F
0-1: Called Strike
0-2: Foul Ball, location: 2F
0-2: Ball
1-2: Foul Ball, location: 2F
1-2: Foul Ball, location: 2F
1-2: SINGLE (Groundball, 6MD)
Batting: LHB Roland Jones 0-0: Ball
1-0: Ball
2-0: Ball
3-0: Called Strike
3-1: Called Strike
3-2: Foul Ball, location: 2F
3-2: Fielders Choice at 2nd, 4-6 (Groundball, 34)
Batting: RHB Christian Hudson 0-0: Swinging Strike
0-1: Swinging Strike
0-2: Ball
1-2: Ball
Roland Jones steals 2nd base
2-2: Foul Ball, location: 2F
2-2: Foul Ball, location: 2F
2-2: Foul Ball, location: 2F
2-2: Ball
3-2: Foul Ball, location: 2F
3-2: Strikes out looking
Bottom of the 5th over - 0 run(s), 1 hit(s), 0 error(s), 1 left on base; Indiana 1 - Richmond 13
TOP OF THE 6TH
Indiana Hounds batting - Pitching for Richmond Flairs : RHP Jack Walker
Batting: RHB Howard Daniel 0-0: Ball
1-0: Called Strike
1-1: Fly out, F9 (Flyball, 89M)
Batting: LHB Junior Coates 0-0: Ball
1-0: Called Strike
1-1: Foul Ball, location: 2F
1-2: Ground out U3 (Groundball, 34)
Batting: RHB Vicente Valentín 0-0: Ball
1-0: SINGLE (Groundball, 56S) (infield hit)
Batting: RHB Carlos Moya Pickoff Throw to First - Error! E1
Vicente Valentín to second
0-0: Called Strike
0-1: Ball
1-1: Ball
Wild Pitch!
Vicente Valentín to third
2-1: Ball
3-1: Base on Balls
Batting: RHB Jeff Jones 0-0: Called Strike
0-1: Called Strike
0-2: Foul Ball, location: 2F
0-2: Fielders Choice at 2nd, 4-6 (Groundball, 4)
Top of the 6th over - 0 run(s), 1 hit(s), 1 error(s), 1 left on base; Indiana 1 - Richmond 13
BOTTOM OF THE 6TH
Richmond Flairs batting - Pitching for Indiana Hounds : RHP Teddy Mathews
Batting: RHB Ray Yates 0-0: Called Strike
0-1: Swinging Strike
0-2: Foul Ball, location: 2F
0-2: Ball
1-2: Foul Ball, location: 2F
1-2: Foul Ball, location: 2F
1-2: Foul Ball, location: 2F
1-2: Foul Ball, location: 2F
1-2: Ball
2-2: Foul Ball, location: 2F
2-2: Strikes out swinging
Pitching: RHP Chan-seok O
Batting: RHB Javier Rentería 0-0: Called Strike
0-1: Ball
1-1: Swinging Strike
1-2: Fly out, F8 (Flyball, 8LM)
Batting: RHB Freddy Padilla 0-0: Ball
1-0: Foul Ball, location: 2F
1-1: Ball
2-1: Ball
3-1: Foul Ball, location: 2F
3-2: Base on Balls
Batting: LHB Sean Nicks 0-0: Called Strike
0-1: Ball
1-1: Ball
2-1: Foul Ball, location: 2F
2-2: Ball
3-2: 2-RUN HOME RUN (Flyball, 89XD), Distance : 373 ft
Batting: RHB Elliott Johnston 0-0: Called Strike
0-1: Ball
1-1: Foul Ball, location: 2F
1-2: Foul Ball, location: 2F
1-2: Ball
2-2: Foul Ball, location: 2F
2-2: Ball
3-2: Base on Balls
Batting: RHB Alberto Hernández 0-0: Fly out, F8 (Flyball, 8RM)
Bottom of the 6th over - 2 run(s), 1 hit(s), 0 error(s), 1 left on base; Indiana 1 - Richmond 15
TOP OF THE 7TH
Indiana Hounds batting - Pitching for Richmond Flairs : RHP Jack Walker
Batting: RHB Danny Walker 0-0: Ball
1-0: Ball
2-0: Foul Ball, location: 2F
2-1: Fly out, F8 (Flyball, 8RD)
Batting: RHB Paco Castillo 0-0: Called Strike
0-1: Ball
1-1: Foul Ball, location: 2F
1-2: Ground out 4-3 (Groundball, 4)
Batting: RHB Doug Murray 0-0: SINGLE (Line Drive, 4MD)
Pitching: RHP Octávio Morín
Batting: RHB Octávio Marín 0-0: Called Strike
0-1: Fly out, F8 (Line Drive, 8LXD)
Top of the 7th over - 0 run(s), 1 hit(s), 0 error(s), 1 left on base; Indiana 1 - Richmond 15
BOTTOM OF THE 7TH
Richmond Flairs batting - Pitching for Indiana Hounds : RHP Chan-seok O
Batting: SHB Carlos Reyes 0-0: Swinging Strike
0-1: Ball
1-1: SINGLE (Groundball, 34D)
Batting: LHB Roland Jones 0-0: Called Strike
0-1: Ball
1-1: Swinging Strike
1-2: Foul Ball, location: 2F
1-2: 2-RUN HOME RUN (Flyball, 9LD), Distance : 330 ft
Pitching: RHP Rafael Herrera
Batting: RHB Christian Hudson 0-0: Called Strike
0-1: Foul Ball, location: 2F
0-2: Ball
1-2: Ball
2-2: Fly out, F5 (Popup, 5D)
Batting: RHB Ray Yates 0-0: Ball
1-0: Foul Ball, location: 2F
1-1: Ball
2-1: SOLO HOME RUN (Flyball, 78XD), Distance : 392 ft
Batting: RHB Javier Rentería 0-0: Ball
1-0: SINGLE (Groundball, 34D)
Batting: RHB Freddy Padilla 0-0: Ball
Javier Rentería steals 2nd base
1-0: Foul Ball, location: 2F
1-1: SINGLE (Line Drive, 89S)
Javier Rentería to third
Runner from 3rd tries for Home, SAFE, no throw
Batting: LHB Sean Nicks 0-0: Ball
1-0: Called Strike
1-1: Ball
2-1: Ball
3-1: Base on Balls
Freddy Padilla to second
Batting: RHB Elliott Johnston 0-0: SINGLE (Groundball, 6D)
Freddy Padilla to third
Sean Nicks to second
Runner from 3rd tries for Home, SAFE, throw made home
Pitching: RHP Dave Helásquez
Batting: RHB Alberto Hernández 0-0: Ball
1-0: Swinging Strike
1-1: Ball
2-1: SINGLE (Flyball, 8LS)
Sean Nicks to third
Elliott Johnston to second
Batting: SHB Carlos Reyes 0-0: SINGLE (Line Drive, 4M)
Sean Nicks scores
Elliott Johnston to third
Alberto Hernández to second
Batting: LHB Roland Jones 0-0: Ball
1-0: Called Strike
1-1: Ball
2-1: Ball
3-1: Base on Balls
Elliott Johnston scores
Alberto Hernández to third
Carlos Reyes to second
Batting: RHB Christian Hudson 0-0: Fly out, F9 (Flyball, 89D)
Runner from 3rd tags up, SCORES, no throw
Batting: RHB Ray Yates 0-0: Called Strike
0-1: Fielders Choice at 2nd, 5-4 (Groundball, 56)
Bottom of the 7th over - 8 run(s), 8 hit(s), 0 error(s), 1 left on base; Indiana 1 - Richmond 23
TOP OF THE 8TH
Indiana Hounds batting - Pitching for Richmond Flairs : RHP Octávio Morín
Now at C: Tadakuni Sugiyama
Now at 3B: Guo-xiu Hsueh
Now at SS: Maresuke Yoshida
Batting: RHB Howard Daniel 0-0: Foul Ball, location: 2F
0-1: Called Strike
0-2: Ball
1-2: Foul Ball, location: 2F
1-2: Ball
2-2: Ground out 5-3 (Groundball, 56S)
Batting: LHB Junior Coates 0-0: Ball
1-0: Foul Ball, location: 2F
1-1: Ball
2-1: Ball
3-1: Base on Balls
Batting: RHB Vicente Valentín 0-0: Ball
1-0: Swinging Strike
1-1: Foul Ball, location: 2F
1-2: Ball
2-2: Grounds into double play, 1-6-3 (Groundball, P)
Top of the 8th over - 0 run(s), 0 hit(s), 0 error(s), 0 left on base; Indiana 1 - Richmond 23
BOTTOM OF THE 8TH
Richmond Flairs batting - Pitching for Indiana Hounds : RHP Dave Helásquez
Pinch Hitting: LHB Frank Geddes 0-0: Ball
1-0: Foul Ball, location: 2F
1-1: Ball
2-1: Ball
3-1: Base on Balls
Batting: RHB Freddy Padilla 0-0: Fly out, F9 (Flyball, 9)
Batting: LHB Sean Nicks 0-0: Foul Ball, location: 2F
0-1: Ball
1-1: Called Strike
1-2: Foul Ball, location: 2F
1-2: Foul Ball, location: 2F
1-2: SINGLE (Line Drive, 89S)
Frank Geddes to second
Batting: RHB Elliott Johnston 0-0: Called Strike
0-1: Ball
1-1: Swinging Strike
1-2: Strikes out swinging
Batting: RHB Alberto Hernández 0-0: Called Strike
0-1: Ball
1-1: Ball
2-1: Ball
3-1: Base on Balls
Frank Geddes to third
Sean Nicks to second
Batting: RHB Tadakuni Sugiyama 0-0: Called Strike
0-1: SINGLE (Groundball, 6MD)
Frank Geddes scores
Sean Nicks to third
Alberto Hernández to second
Runner from 3rd tries for Home, SAFE, throw made home
Alberto Hernández to third
Tadakuni Sugiyama to second
Pitching: LHP Norberto Gonzáles
Batting: LHB Roland Jones 0-0: Ball
1-0: Ball
2-0: Ground out U3 (Groundball, 34)
Bottom of the 8th over - 2 run(s), 2 hit(s), 0 error(s), 2 left on base; Indiana 1 - Richmond 25
TOP OF THE 9TH
Indiana Hounds batting - Pitching for Richmond Flairs : RHP Octávio Morín
Now at 1B: Adrián Miranda
Now in CF: R.J. Courtney
Batting: RHB Carlos Moya 0-0: Ball
1-0: Foul Ball, location: 2F
1-1: Foul Ball, location: 2F
1-2: SINGLE (Line Drive, 78S)
Batting: RHB Jeff Jones 0-0: Ball
1-0: Called Strike
1-1: Foul Ball, location: 2F
1-2: Fly out, F7 (Flyball, 7)
Batting: RHB Danny Walker 0-0: SINGLE (Groundball, 34D)
Carlos Moya to second
Runner from 2nd tries for 3rd, SAFE, no throw
Batting: RHB Paco Castillo 0-0: Ball
1-0: TRIPLE (Line Drive, 89M)
Carlos Moya scores
Danny Walker scores
Batting: RHB Doug Murray 0-0: SINGLE (Groundball, 34D)
Paco Castillo scores
Pitching: RHP Lorenzo Ramos
Batting: RHB Octávio Marín
Pinch Hitting: RHB Juan Brito 0-0: Swinging Strike
0-1: Ball
1-1: Ball
2-1: Called Strike
2-2: Strikes out swinging
Batting: RHB Howard Daniel Pickoff Throw to First - Out!
Top of the 9th over - 3 run(s), 4 hit(s), 0 error(s), 0 left on base; Indiana 4 - Richmond 25
Thursday, March 30th, 2017 - OOTP Baseball 17.12 Build 75